 Dungeon Crawl Stone Soup version 0.31.0-12-g77e489cdc1 (webtiles) character file.

Game seed: 5066338100951167170

160 orehx the Trooper (level 5, 0/37 HPs)
             Began as an Octopode Shapeshifter on Feb 22, 2024.
             Was an Initiate of Yredelemnul.
             Slain by an orc
             ... wielding a +0 mace
              (3 damage)
             ... on level 3 of the Dungeon.
             The game lasted 00:05:54 (2596 turns).

orehx the Trooper (Octopode Shapeshifter)           Turns: 2596, Time: 00:05:55

Health: 0/37       AC:  1    Str: 16    XL:     5   Next: 41%
Magic:  5/5        EV: 13    Int: 12    God:    Yredelemnul [......]
Gold:   164        SH:  5    Dex: 11    Spells: 4/4 levels left

rFire   + .          .
                       - Unarmed
rCold   + . .        (no shield)
rNeg    . . .        (helmet currently unavailable)
rPois   +            h - amulet of reflection
rElec   +            f - ring of willpower
rCorr   +            (no ring)
SInv    .            (no ring)
Will    +....        (no ring)
Stlth   +++          (no ring)
HPRegen 0.26/turn    (no ring)
MPRegen 0.09/turn    (no ring)
                     (no ring)

%: reflection
@: beast-form, resistant
A: beast (slay +2), almost no armour, amphibious, 8 rings, camouflage 1,
gelatinous body 1, (nimble swimmer 1), tentacles
a: Begin Untransformation, Renounce Religion, Recall Undead Harvest


You were on level 3 of the Dungeon.
You worshipped Yredelemnul.
Yredelemnul was noncommittal.
You were a hulking beast.
You visited 1 branch of the dungeon, and saw 4 of its levels.

You collected 164 gold pieces.

Inventory:

Missiles
 a - 29 stones (quivered)
 l - 3 boomerangs
Armour
 p - a +0 buckler
Jewellery
 f - a ring of willpower (left tentacle)
 h - an amulet of reflection (around mantle)
Talismans
 b - a beast talisman (active)
 c - a flux talisman
Scrolls
 d - a scroll of revelation {unknown}
 e - a scroll of noise {unknown}
 g - 2 scrolls of amnesia {unknown}
 i - a scroll of fear {unknown}
 j - a scroll of poison {unknown}
 k - 3 scrolls of identify {unknown}
 n - a scroll of enchant weapon {unknown}
 o - 2 scrolls of teleportation {unknown}


   Skills:
 - Level 4.0 Fighting
 - Level 2.0 Dodging
 + Level 1.4 Stealth
 - Level 3.0 Unarmed Combat
 - Level 3.9 Shapeshifting


You had 4 spell levels left.
You didn't know any spells.
Your spell library contained the following spells:

 Spells                   Type           Power      Damage    Failure   Level
 Lesser Beckoning         Tloc           0%         N/A       45%         2
 Gell's Gravitas          Tloc           0%         N/A       69%         3
 Teleport Other           Tloc           0%         N/A       69%         3
 Dispersal                Tloc           0%         N/A       100%        6


Dungeon Overview and Level Annotations

Branches:
Dungeon (4/15)
 Temple: D:4-7

Altars:
Yredelemnul

Annotations:
D:2 exclusion: adder


Innate Abilities, Weirdness & Mutations

You are a hulking beast.
Your limbs bulge with bestial killing power. (Slay +2)
You cannot wear most types of armour.
You are amphibious.
You can wear up to eight rings at the same time.
Your skin changes colour to match your surroundings (Stealth+).
Your rubbery body absorbs attacks. (AC +1, EV +1)
((You are camouflaged when in or above water. (Stealth+)))
You have tentacles for arms and can constrict up to eight enemies at once.


Message History

The adder completely misses you.
Your orc zombie misses the adder.
You barely miss the adder. Your grab misses the adder.
The adder is moderately wounded.
The adder bites you. The orc barely misses you. The orc misses you.
You block the adder's attack. The adder bites you.
Unknown command.
The orc closely misses you.
Your orc zombie hits the adder but does no damage.
The adder bites your orc zombie. The adder bites you.
The adder bites your orc zombie.
Your orc zombie closely misses the adder.
The orc misses you. The orc attacks as it pursues you! The orc misses you.
Your orc zombie misses the adder.
The orc attacks as it pursues you! The orc hits you with a +0 whip.
* * * LOW HITPOINT WARNING * * *
The orc attacks as it pursues you! The orc hits you with a +0 mace.
* * * LOW HITPOINT WARNING * * *
Okay, then.
Unknown command.
Okay, then.
Okay, then.
Unknown command.
Your orc zombie barely misses the adder.
You closely miss the orc. Your grab misses the orc.
The orc hits you but does no damage.
Your orc zombie hits the endoplasm but does no damage.
The orc attacks as it pursues you! The orc closely misses you.
The orc attacks as it pursues you! The orc hits you with a +0 mace.
* * * LOW HITPOINT WARNING * * *
The orc attacks as it pursues you! The orc hits you with a +0 mace.
* * * LOW HITPOINT WARNING * * *
You see here a +0 club.
The orc attacks as it pursues you! The orc completely misses you.
You see here a +0 club.
It was a potion of resistance.
You feel protected. The orc hits you with a +0 mace.
You die...
Your body rises from the dead as a mindless zombie.

........).Z.###......#
.....$......S...:...>#
......#####.###..###.#
...... #.# #.S# #.#
..... #.# #..# #.#
..... #.###..# #.#
.... #....oS# #.# ....
#..###o# #.# ..... #h#
#.# ###### ... #.# #.#
#....# ..
#.###.###.##.# .
#...#.....##.#
###.#.###....# #.#.#
#.#..# #.#.# #.#..#
#...###....####
##............#


You could see 2 adders and 2 orcs.

Vanquished Creatures
  A bombardier beetle (D:2)
  Jessica (D:3)
  5 adders
  A dart slug (D:1)
  An orc (D:3)
  3 bats
  4 endoplasms
  2 giant cockroaches (D:2)
  5 goblins (D:1)
  5 hobgoblins
  2 jackals (D:3)
  5 kobolds
  3 quokkas
  5 ball pythons
  4 frilled lizards
  5 rats
52 creatures vanquished.

Vanquished Creatures (collateral kills)
  An endoplasm (D:3)
1 creature vanquished.

Vanquished Creatures (others)
  An endoplasm zombie (D:3)
  2 jackal zombies (D:3)
  A kobold zombie (D:3)
  An orc zombie (D:3)
5 creatures vanquished.

Grand Total: 58 creatures vanquished

Notes
Turn   | Place    | Note
-------+----------+-------------------------------------------
     0 | D:1      | orehx the Octopode Shapeshifter began the quest for the
                  | Orb.
     0 | D:1      | Reached XP level 1. HP: 13/13 MP: 1/1
   245 | D:1      | Reached XP level 2. HP: 18/18 MP: 2/2
   682 | D:1      | Reached XP level 3. HP: 23/23 MP: 3/3
  1327 | D:2      | Reached skill level 2 in Fighting
  1327 | D:2      | Reached XP level 4. HP: 18/30 MP: 4/4
  1791 | D:2      | Found a basalt altar of Yredelemnul.
  1795 | D:2      | Reached skill level 3 in Fighting
  1847 | D:2      | Became a worshipper of Yredelemnul the Dark
  2394 | D:3      | Noticed Jessica
  2400 | D:3      | Killed Jessica
  2401 | D:3      | Reached XP level 5. HP: 18/37 MP: 5/5
  2406 | D:3      | Reached skill level 4 in Fighting
  2529 | D:3      | Reached skill level 1 in Stealth
  2571 | D:3      | Reached * piety under Yredelemnul
  2596 | D:3      | Slain by an orc

Illustrated notes

Levels and vault maps discovered:
D:1:      eino_arrival_cavern_b, layout_loops_corners, minmay_3d_cube
D:2:      layout_basic, basic_altar, uniq_sigmund
D:3:      layout_basic, minmay_misc_feat_alley, uniq_jessica
D:4:      corexii_shantytown, layout_basic, mainiacjoe_overflow_tiny_flanked,
          uniq_ijyb, uniq_edmund, uniq_eustachio

Skill      XL: |  1  2  3  4  5 |
---------------+----------------+-----
Fighting       | 2 3 4 |  4.0
Stealth        | 1 |  1.4
Dodging        | |  2.0
Unarmed Combat | |  3.0
Shapeshifting  | |  3.9

Action                     |  1- 3 |  4- 6 || total
---------------------------+-------+-------++-------
  Melee: Unarmed           |    47 |    47 ||    94
         Tentacles         |     9 |     9 ||    18
         Constrict         |    11 |    15 ||    26
  Throw: Stone             |       |     1 ||     1
 Invoke: Recall Undead Har |       |     1 ||     1
    Use: Potion            |     1 |     1 ||     2
   Stab: Sleeping          |     8 |     3 ||    11
 Armour: Skin              |     9 |    22 ||    31
  Dodge: Dodged            |    17 |    29 ||    46
  Block: Other             |       |     7 ||     7
   Form: Beast             |     3 |       ||     3
                           |     1 |       ||     1
         Flux              |     1 |       ||     1
